 Dungeon Crawl Stone Soup version 0.18-a0-1730-g73f0523 (webtiles) character file.

81 dobroeutro the Shield-Bearer (level 4, 0/28 HPs)
             Began as a Gargoyle Fighter on Apr 10, 2016.
             Slain by an iguana (9 damage)
             ... on level 3 of the Dungeon.
             The game lasted 00:02:22 (1170 turns).

dobroeutro the Shield-Bearer (Gargoyle Fighter)     Turns: 1170, Time: 00:02:23

Health: 0/28       AC: 10    Str: 20    XL:     4   Next: 42%
Magic:  4/4        EV:  7    Int:  9    God:
Gold:   150        SH:  9    Dex:  9    Spells: 0 memorised, 3 levels left

rFire  . . .     SeeInvis .     r - +0 spear
rCold  . . .     Gourm    .     b - +0 scale mail
rNeg   + . .     Faith    .     c - +0 shield
rPois  ∞         Spirit   .     (no helmet)
rElec  +         Dismiss  .     (no cloak)
rCorr  .         Reflect  .     (no gloves)
SustAt .         Harm     .     (no boots)
MR     .....                    (no amulet)
Stlth  ..........               (no ring)
                                (no ring)

@: not resistant to hostile enchantments, extremely unstealthy
A: negative energy resistance 1, electricity resistance, unbreathing,
petrification resistance, rot immunity, AC +3
a: no special abilities


You were on level 3 of the Dungeon.
You were not hungry.

You visited 1 branch of the dungeon, and saw 3 of its levels.

You collected 150 gold pieces.

Inventory:

Hand Weapons
 a - a +0 flail
 r - a +0 spear (weapon)
Missiles
 j - 7 javelins (quivered)
Armour
 b - a +0 scale mail (worn)
 c - a +0 shield (worn)
Scrolls
 g - 4 scrolls of fear {unknown}
 m - a scroll of recharging {unknown}
 o - 2 scrolls of identify {unknown}
 p - a scroll of enchant weapon {unknown}
Potions
 d - 2 potions of might
 e - a potion of heal wounds {unknown}
 h - a potion of ambrosia {unknown}
 k - a potion of brilliance {unknown}
 l - a potion of degeneration {unknown}
 n - 2 potions of curing {unknown}
Comestibles
 f - a bread ration
 i - 4 meat rations
 q - 3 chunks of flesh
 s - a slice of pizza


   Skills:
 + Level 3.5 Fighting
 + Level 2.5 Maces & Flails
 + Level 4.0 Armour
 + Level 4.5 Shields


You had 3 spell levels left.
You didn't know any spells.

Dungeon Overview and Level Annotations

Branches:
Dungeon (3/15)

Altars:


Innate Abilities, Weirdness & Mutations

You are resistant to torment.
Your stone body is resilient (AC +3).
You are immune to poison.
You resist negative energy.
You are resistant to electric shocks.
You can survive without breathing.
You are immune to petrification.
You are immune to rotting.


Message History

The iguana is lightly wounded.
You block the iguana's attack.
You barely miss the iguana. The iguana bites you!
You block the iguana's attack.
You hit the iguana.
The iguana is moderately wounded.
You block the iguana's attack.
You hit the iguana but do no damage.
The iguana is moderately wounded.
The iguana barely misses you.
You closely miss the iguana.
The iguana is moderately wounded.
You block the iguana's attack.
You hit the iguana.
The iguana is moderately wounded.
The iguana bites you.
You hit the iguana.
The iguana is heavily wounded.
The iguana bites you. The iguana bites you!
You die...

#....#...............#
#.#.##.#############.# #.#.##.#
#.# #.#....# #.# #.###### #(#
######.##################.######
......................>..........
######################.###.######
......l@................
#############......#####
#..........# #.##.......#
#.#........# #.#........# #
#########.#........#####
..........#.......... ..
########..#......#### #.


You could see an iguana.

Vanquished Creatures
  A hound (D:3)
  2 oozes
  2 dart slugs
  3 giant geckos
  A ball python (D:3)
  4 bats
  3 giant cockroaches
  4 goblins
  6 hobgoblins
  A giant newt (D:1)
  4 kobolds
  2 rats (D:3)
33 creatures vanquished.

Notes
Turn   | Place    | Note
--------------------------------------------------------------
     0 | D:1      | dobroeutro the Gargoyle Fighter began the quest for the Orb.
     0 | D:1      | Reached XP level 1. HP: 14/14 MP: 1/1
   192 | D:1      | Reached XP level 2. HP: 14/19 MP: 2/2
   530 | D:2      | Reached XP level 3. HP: 19/23 MP: 3/3
  1029 | D:3      | Reached XP level 4. HP: 17/28 MP: 4/4
  1170 | D:3      | Slain by an iguana

Vault maps used:
D:1:      saegor_arrival_simple_e

Skill      XL: |  1  2  3  4 |
---------------+-------------+-----
Shields        | 4 |  4.5
Armour         | 4 |  4.0
Fighting       | |  3.5
Maces & Flails | |  2.5

Action                   |  1- 3 |  4- 6 || total
-------------------------+-------+-------++-------
Melee: Flail             |   114 |       ||   114
       Spear             |       |    21 ||    21
  Eat: Chunk             |     1 |       ||     1
